 Dungeon Crawl Stone Soup version 0.28-a0-1435-g82390b3a13 (webtiles) character file.

Game seed: 16071446849251444472

1862 freelancePsychic the Skirmisher (level 9, 0/58 HPs)
             Began as a Kobold Delver on Jan 10, 2022.
             Was an Initiate of Gozag.
             Slain by a centaur warrior zombie (2 damage)
             ... on level 7 of the Dungeon.
             The game lasted 00:21:40 (11138 turns).

freelancePsychic the Skirmisher (Kobold Delver)    Turns: 11138, Time: 00:21:40

Health: 0/58       AC:  4    Str:  9    XL:     9   Next: 35%
Magic:  17/17      EV: 14    Int: 16    God:    Gozag
Gold:   231        SH:  0    Dex: 16    Spells: 15/19 levels left

rFire   . . .      SeeInvis .   a - +1 dagger (venom)
rCold   . . .      Faith    .   (no shield)
rNeg    . . .      Spirit   .   b - +0 leather armour
rPois   .          Reflect  .   (no helmet)
rElec   .          Harm     .   (no cloak)
rCorr   .          Rampage  .   l - +0 pair of gloves
Will    +....                   (no boots)
Stlth   ++++......              (no amulet)
HPRegen 0.19/turn               j - ring of willpower
MPRegen 0.15/turn               (no ring)

@: mighty, gold aura, hasted, very quick
A: small, no large weapons, nightstalker 3
a: Renounce Religion, Potion Petition, Call Merchant, Bribe Branch


You were on level 7 of the Dungeon.
You worshipped Gozag.
Gozag was aware of your devotion.
You visited 1 branch of the dungeon, and saw 7 of its levels.

You collected 998 gold pieces.
You paid 767 gold pieces to Gozag.

Inventory:

Hand Weapons
 a - a +1 dagger of venom (weapon)
Armour
 b - a +0 leather armour (worn)
 l - a +0 pair of gloves (worn)
 F - an orb of mayhem
Magical Staves
 e - a staff of fire
 m - a staff of poison
Jewellery
 j - a ring of willpower (left hand)
 t - a ring of magical power
 u - a ring of willpower
Wands
 g - a wand of digging (3)
 w - a wand of paralysis (12)
 A - a wand of iceblast (9)
 C - a wand of polymorph (9)
 D - a wand of flame (30)
Scrolls
 c - 2 scrolls of fog
 d - a scroll of magic mapping
 k - 5 scrolls of teleportation {@r4}
 p - a scroll of fear
 v - 3 scrolls of vulnerability
 E - a scroll of noise
 H - a scroll of enchant weapon {unknown}
Potions
 f - a potion of haste {@q3}
 h - a potion of lignification {unknown}
 i - 2 potions of might
 n - a potion of curing {@q1}
 q - 2 potions of mutation {unknown}
 r - 2 potions of resistance {unknown}
 s - 2 potions of degeneration {unknown}
 x - 2 potions of heal wounds {unknown}
 z - 2 potions of magic {unknown}
 B - a potion of ambrosia {unknown}
 G - 3 potions of brilliance {unknown}


   Skills:
 + Level 7.7 Fighting
 - Level 3.6 Short Blades
 - Level 2.4 Dodging
 - Level 7.1 Stealth
 + Level 5.9 Spellcasting
 + Level 2.8 Conjurations
 + Level 0.8 Fire Magic
 - Level 5.8 Ice Magic


You had 15 spell levels left.
You knew the following spells:

 Your Spells              Type           Power      Damage    Failure   Level
a - Freeze                Ice            92%        1d10      1%          1
b - Frozen Ramparts       Ice            46%        1d6       5%          3

Your spell library contained the following spells:

 Spells                   Type           Power      Damage    Failure   Level
 Foxfire                  Conj/Fire      40%        2x1d6     10%         1
 Shock                    Conj/Air       36%        1d5       11%         1
 Conjure Flame            Conj/Fire      10%        6-21      28%         3
 Corpse Rot               Necr/Air       8%         N/A       30%         2
 Poisonous Vapours        Pois/Air       8%         N/A       30%         2
 Hailstorm                Conj/Ice       18%        3d6       32%         4
 Inner Flame              Hex/Fire       6%         N/A       45%         3
 Swiftness                Air            4%         N/A       52%         3
 Flame Wave               Conj/Fire      10%        2d5       67%         4
 Airstrike                Air            2%         N/A       89%         4
 Chain Lightning          Conj/Air       4%         3d6       100%        9
 Fire Storm               Conj/Fire      5%         8d1       100%        9
 Shatter                  Erth           2%         3d6*      100%        9


Dungeon Overview and Level Annotations

Branches:
Dungeon (7/15)             Temple (0/1) D:5

Altars:
Ashenzari
Cheibriados
Gozag
Kikubaaqudgha
Wu Jian

Shops:
D:1 *   D:7 [

Annotations:
D:3 exclusions: orc and orc wizard, Natasha, Sigmund
D:4 exclusion: lemure, Pikel


Innate Abilities, Weirdness & Mutations

You are small and have problems with some larger weapons.
You are completely attuned to the shadows.


Message History

The centaur warrior zombie closely misses you.
The centaur warrior zombie kicks you but does no damage.
You puncture the centaur warrior zombie!
The centaur warrior zombie is moderately damaged.
You puncture the centaur warrior zombie!
The centaur warrior zombie is moderately damaged.
The centaur warrior zombie hits you but does no damage.
The centaur warrior zombie completely misses you.
You barely miss the centaur warrior zombie.
The centaur warrior zombie is moderately damaged.
The centaur warrior zombie closely misses you.
The centaur warrior zombie kicks you but does no damage.
You puncture the centaur warrior zombie!
The centaur warrior zombie is heavily damaged.
You puncture the centaur warrior zombie!
The centaur warrior zombie is heavily damaged.
The centaur warrior zombie hits you. The centaur warrior zombie kicks you.
You hit the centaur warrior zombie.
The centaur warrior zombie is severely damaged.
The centaur warrior zombie hits you!
* * * LOW HITPOINT WARNING * * *
The centaur warrior zombie kicks you but does no damage.
You puncture the centaur warrior zombie!
The centaur warrior zombie is severely damaged.
You puncture the centaur warrior zombie!
The centaur warrior zombie is almost destroyed.
The centaur warrior zombie closely misses you.
The centaur warrior zombie kicks you but does no damage.
You hit the centaur warrior zombie.
The centaur warrior zombie is almost destroyed.
The centaur warrior zombie hits you.
* * * LOW HITPOINT WARNING * * *
The centaur warrior zombie barely misses you.
You puncture the centaur warrior zombie!
The centaur warrior zombie is almost destroyed.
The centaur warrior zombie hits you!
* * * LOW HITPOINT WARNING * * *
The centaur warrior zombie kicks you.
You die...
Your body crumbles into a pile of gold.

..)....#
#......#.##............
..)....#
##.#####.#.....########
.......#
#.....#.#.....#<... #
....)..#
#####.#.#.....#.... #
.......#
...........#..# #
.......#
##.#.#.#...#.######
.......#
#.#.#.............
.......#
#Z#.#.#.#.#.......
....(..#
#@#.###.#####.....
.......#
#.#..............(
.......#
#.#####.#####.....
....... #....(...#
#..... ..∩...)
########## #.....
....... #..... ...(...
###.## .......
######### #.# #.#####
#.......# #.#


You could see a centaur warrior zombie.

Vanquished Creatures
  A water moccasin (D:7)
  2 ice beasts
  A necrophage (D:5)
  2 sky beasts
  A centaur (D:5)
  A phantom (D:4)
  A bullfrog (D:4)
  3 scorpions
  A hound (D:6)
  A centaur zombie (D:6)
  3 orc priests
  A jelly (D:6)
  2 bullfrog skeletons
  A gnoll shaman (D:7)
  4 iguanas
  9 orc wizards
  A killer bee zombie (D:7)
  A hound skeleton (D:4)
  11 gnolls
  6 adders
  A worm (D:2)
  A dart slug (D:3)
  24 orcs
  10 ball pythons
  7 endoplasms
  6 giant cockroaches
  3 goblins
  6 hobgoblins
  7 quokkas
  4 bats (D:3)
  5 frilled lizards
  6 kobolds
  7 rats
140 creatures vanquished.

Vanquished Creatures (others)
  5 toadstools (D:1)
5 creatures vanquished.

Grand Total: 145 creatures vanquished

Notes
Turn   | Place    | Note
-------+----------+-------------------------------------------
     0 | D:5      | freelancePsychic the Kobold Delver began the quest for the
                  | Orb.
     0 | D:5      | Reached XP level 1. HP: 14/14 MP: 1/1
   101 | D:4      | Noticed an orc wizard
   534 | D:3      | Reached XP level 2. HP: 19/19 MP: 2/2
   754 | D:3      | Noticed Natasha
   975 | D:2      | Reached XP level 3. HP: 19/24 MP: 3/3
  1681 | D:1      | Found Iqio's General Store.
  1787 | D:1      | Found a faded altar of an unknown god.
  2562 | D:2      | Reached XP level 4. HP: 29/29 MP: 4/4
  3162 | D:2      | Learned a level 3 spell: Frozen Ramparts
  3584 | D:3      | Noticed Sigmund
  4074 | D:3      | Found an opulent altar of Gozag.
  4086 | D:3      | Became a worshipper of Gozag Ym Sagoz the Greedy
  4187 | D:3      | Identified the +7 hand axe "Qaute" {freeze, rElec rF+ rN+
                  | Will+}
  4423 | D:3      | Learned a level 1 spell: Freeze
  4651 | D:4      | Reached skill level 1 in Spellcasting
  4651 | D:4      | Reached skill level 1 in Ice Magic
  4881 | D:3      | Reached XP level 5. HP: 8/33 MP: 3/7
  5718 | D:3      | Reached XP level 6. HP: 17/40 MP: 2/9
  6047 | D:4      | Reached skill level 5 in Fighting
  6667 | D:4      | Found a broken altar of Ashenzari.
  6669 | D:4      | Noticed Pikel
  6685 | D:4      | Identified the +7 dagger of Valuable Assets {freeze, Dex+2}
  6829 | D:4      | Reached XP level 7. HP: 44/44 MP: 11/11
  7916 | D:5      | Found a staircase to the Ecumenical Temple.
  7968 | D:5      | Reached XP level 8. HP: 51/51 MP: 14/14
  9272 | D:5      | Reached skill level 5 in Spellcasting
  9272 | D:5      | Reached skill level 5 in Ice Magic
  9871 | D:6      | Reached skill level 1 in Conjurations
  9874 | D:6      | Reached XP level 9. HP: 27/57 MP: 12/17
 10048 | D:6      | Learned a level 4 spell: Hailstorm
 10975 | D:7      | Found an ancient bone altar of Kikubaaqudgha.
 11068 | D:7      | Found an ornate altar of the Wu Jian Council.
 11068 | D:7      | Found a snail-covered altar of Cheibriados.
 11138 | D:7      | HP: 2/58 [centaur warrior zombie (7)]
 11138 | D:7      | Slain by a centaur warrior zombie

Illustrated notes

Levels and vault maps discovered:
D:1:      ldierk_walled_garden, layout_basic,
          ebering_ecumenical_altar_abandoned, serial_shops, shop
D:2:      layout_loops_ring, kennysheep_small_spiral, grunt_decor_arrowhead
D:3:      layout_loops_corners, lemuel_round_altar, uniq_natasha, uniq_sigmund
D:4:      layout_rooms, evilmike_ruin_ashenzari, gup_sewer_entry_bubbles,
          roderic_serpentine_path, dk_vineyard_1, uniq_pikel
D:5:      layout_basic, minmay_temple_entry_gardened_gates
D:6:      layout_rooms
D:7:      layout_basic, tgw_sif, minitemple

Skill      XL: |  1  2  3  4  5  6  7  8  9 |
---------------+----------------------------+-----
Short Blades   | 3 |  3.6
Stealth        | 7 |  7.1
Fighting       | 4 5 6 7 |  7.7
Spellcasting   | 1 2 3 4 5 |  5.9
Ice Magic      | 1 2 3 4 5 |  5.8
Conjurations   | 1 2 |  2.8
Dodging        | |  2.4
Fire Magic     | |  0.8

Action                   |  1- 3 |  4- 6 |  7- 9 || total
-------------------------+-------+-------+-------++-------
Melee: Short sword       |    47 |       |       ||    47
       Dagger            |    72 |   186 |   251 ||   509
       Punch             |     1 |     6 |     6 ||    13
 Cast: Freeze            |       |    37 |     5 ||    42
       Frozen Ramparts   |       |     5 |     9 ||    14
Invok: Call Merchant     |       |       |     1 ||     1
  Use: Scroll            |     2 |       |     4 ||     6
       Potion            |       |       |     6 ||     6
 Stab: Sleeping          |    20 |    12 |    23 ||    55
       Distracted        |       |     1 |     1 ||     2
Armor: Leather armour    |    27 |    31 |    40 ||    98
Dodge: Dodged            |    78 |   115 |   134 ||   327

Table legend: (Time is in decaauts)
 A = Elapsed time spent in this place.
 B = Non-inter-level travel time spent in this place.
 C = Inter-level travel time spent in this place.
 D = Time resting spent in this place.
 E = Time spent auto-exploring this place.
 F = Levels seen in this place.
 G = Mean time per level.
                   A        B        C        D        E       F      G
               +--------+--------+--------+--------+--------+-----+--------+
         Total |  11075 |  10737 |    338 |   1164 |   7873 |   7 | 1582.1 |
       Dungeon |  11075 |  10737 |    338 |   1164 |   7873 |   7 | 1582.1 |
               +--------+--------+--------+--------+--------+-----+--------+

Top non-repeatable levels by time:
     D:3: 2724 daAuts
     D:4: 2093 daAuts
     D:5: 2071 daAuts
     D:1: 1381 daAuts
     D:2: 1355 daAuts
     D:6: 870 daAuts
     D:7: 578 daAuts
